 Seeded DCSS version 0.28.0 (webtiles) character file.

Game seed: 4673887621194496698 (custom seed)

3100 arthad the Covered (level 9, -2/57 HPs)
             Began as a Gargoyle Fighter on Feb 13, 2022.
             Slain by Erica (4 damage)
             ... on level 8 of the Dungeon.
             The game lasted 00:15:09 (8003 turns).

arthad the Covered (Gargoyle Fighter)               Turns: 8003, Time: 00:15:09

Health: -2/57      AC: 16    Str: 24    XL:     9   Next: 90%
Magic:  14/14      EV: 14    Int:  9    God:
Gold:   547        SH: 10    Dex: 15    Spells: 14/14 levels left

rFire   . . .      SeeInvis .   a - +0 war axe
rCold   . . .      Faith    .   F - +0 kite shield
rNeg    + . .      Spirit   .   b - +0 scale mail
rPois   ∞          Reflect  .   (no helmet)
rElec   +          Harm     .   (no cloak)
rCorr   .          Rampage  .   w - +0 pair of gloves
Will    .....                   y - +0 pair of boots
Stlth   +.........              (no amulet)
HPRegen 0.19/turn               h - +6 ring of dexterity
MPRegen 0.14/turn               i - +4 ring of evasion

@: slowed, very slow
A: sickness immunity, AC +6, negative energy resistance 1, electricity
resistance, torment resistance 1, petrification resistance
a: no special abilities


You were on level 8 of the Dungeon.
You visited 1 branch of the dungeon, and saw 8 of its levels.
You also visited: Ossuary.

You collected 547 gold pieces.

Inventory:

Hand Weapons
 a - a +0 war axe (weapon)
 C - a +0 morningstar of draining
Missiles
 q - 12 poisoned darts (quivered)
Armour
 b - a +0 scale mail (worn)
 c - a +0 buckler
 r - a +2 robe of the Archmagi
 w - a +0 pair of gloves (worn)
 y - a +0 pair of boots (worn)
 F - a +0 kite shield (worn)
Jewellery
 h - a +6 ring of dexterity (left hand)
 i - a +4 ring of evasion (right hand)
 k - a ring of wizardry
 I - a +6 ring of intelligence
Wands
 m - a wand of flame (16)
 E - a wand of paralysis (19)
 G - a wand of charming (7)
 L - a wand of digging (4)
Scrolls
 g - 5 scrolls of identify
 j - a scroll of amnesia {unknown}
 l - 7 scrolls of teleportation
 n - a scroll of enchant weapon {unknown}
 o - 2 scrolls of silence {unknown}
 t - a scroll of blinking {unknown}
 u - 2 scrolls of noise {unknown}
 x - 2 scrolls of fear
 H - 2 scrolls of vulnerability {unknown}
 J - 3 scrolls of enchant armour {unknown}
Potions
 d - 3 potions of might
 e - 2 potions of heal wounds
 f - 2 potions of resistance {unknown}
 p - 4 potions of attraction {unknown}
 s - a potion of flight {unknown}
 v - 3 potions of curing
 z - 2 potions of berserk rage {unknown}
 A - 2 potions of cancellation {unknown}
 B - a potion of haste
 D - a potion of degeneration {unknown}
 K - 2 potions of invisibility {unknown}
 M - a potion of lignification {unknown}


   Skills:
 * Level 7.1 Fighting
 * Level 5.5 Axes
 * Level 7.1 Armour
 + Level 3.1 Dodging
 + Level 4.5 Stealth
 * Level 7.0 Shields
 + Level 3.4 Spellcasting


You had 14 spell levels left.
You didn't know any spells.
Your spell library contained the following spells:

 Spells                   Type           Power      Damage    Failure   Level
 Magic Dart               Conj           4%         1d3       86%         1
 Call Imp                 Summ           1%         N/A       94%         2
 Static Discharge         Conj/Air       1%         N/A       94%         2
 Dazzling Flash           Conj/Hex       2%         N/A       99%         3
 Mephitic Cloud           Conj/Pois/Air  1%         N/A       99%         3
 Ozocubu's Armour         Ice            1%         N/A       99%         3
 Dispel Undead            Necr           1%         3d6       100%        4
 Iskenderun's Mystic Bla  Conj/Tloc      1%         2d3       100%        4
 Sticky Flame             Conj/Fire      1%         2d3       100%        4
 Agony                    Necr           1%         N/A       100%        5
 Blade Hands              Tmut           0%         N/A       100%        5
 Irradiate                Conj/Tmut      0%         3d13      100%        5
 Silence                  Hex/Air        0%         N/A       100%        5
 Starburst                Conj/Fire      0%         6d3       100%        6
 Dragon Form              Tmut           0%         N/A       100%        7
 Ozocubu's Refrigeration  Ice            0%         4d5       100%        7


Dungeon Overview and Level Annotations

Branches:
Dungeon (8/15)             Temple (0/1) D:7         Ossuary (visited)
   Lair: D:8-11

Altars:
Hepliaklqana
Uskayaw
Vehumet
Wu Jian
Zin

Shops:
D:3 :

Annotations:
D:7 Pikel
D:8 Erica


Innate Abilities, Weirdness & Mutations

You are immune to sickness and miasma.
Your stone body is resilient. (AC +6)
You are immune to poison.
You resist negative energy. (rN+)
You are resistant to electric shocks. (rElec)
You are resistant to unholy torment.
You are immune to petrification.


Message History

Erica is heavily wounded.
Erica misses you.
You hit Erica but do no damage.
Erica is heavily wounded.
You block Erica's attack.
Erica gestures wildly while chanting.
Erica flickers and vanishes!
Deactivating autopickup; reactivate with Ctrl-A.
You barely miss something.
You hear some strange, mumbled words.
Something tries to affect you, but you resist.
You barely miss something.
You hear some strange, mumbled words.
A lance of force appears from out of thin air!
You block the lance of force.
You closely miss something. Something hits you. Something burns you.
Something hits you but does no damage.
You miss something. Something completely misses you.
You closely miss something.
You hear some strange, mumbled words.
You feel yourself slow down.
You miss something. Something hits you. Something burns you.
You hear a zap.
An iceblast appears from out of thin air!
The mass of ice explodes!
The iceblast engulfs you.
The iceblast engulfs something!
Something hits you. Something burns you.
You hear a shout!
You slash something! Something hits you but does no damage.
You miss something.
You hear a zap.
An iceblast appears from out of thin air!
The mass of ice explodes!
The iceblast engulfs you!
* * * LOW HITPOINT WARNING * * *
The iceblast engulfs something!
You hear some strange, mumbled words.
Something tries to affect you, but you resist.
Something hits you!
* * * LOW HITPOINT WARNING * * *
Something burns you.
You die...

................
........................# #
........................###.##
#.........#.........#...#....#
#..........###......#......#..
............##..)††.......##..
.................†...#........
.(...<......###......#........
...<........{@.......##..##...
.....#...................##..#
... ##....8.......8......#..#
. ..................#.......
........8.......8..##......
.............)..............
.........8..._...8..........
............###.............
...#...........#..........


There were no monsters in sight!

Vanquished Creatures
  Grum (D:8)
  A wyvern (D:8)
  2 water moccasins (D:7)
  Edmund (D:6)
  An orc warrior (D:7)
  2 sky beasts
  An ice beast (D:5)
  A necrophage (D:6)
  2 ogres
  4 wolves (D:8)
  A centaur (D:4)
  3 phantoms
  A bullfrog (D:7)
  A water moccasin zombie (D:5)
  2 scorpions
  A water moccasin skeleton (D:5)
  A howler monkey (D:5)
  2 human zombies (Ossuary)
  A jelly (D:5)
  A centaur zombie (D:8)
  4 orc priests
  2 hounds
  Terence (D:3)
  Jessica (D:3)
  10 orc wizards
  A killer bee zombie (D:5)
  2 hound zombies
  A hound skeleton (D:4)
  4 mummies (Ossuary)
  3 gnolls (D:6)
  3 adders
  3 white imps
  3 adder zombies (Ossuary)
  3 worms
  3 dart slugs
  28 orcs
  6 bats
  3 endoplasms
  A giant cockroach (D:2)
  12 hobgoblins
  7 jackals
  10 kobolds
  5 quokkas
  3 ball pythons
  3 frilled lizards
  14 goblins
  A goblin zombie (D:7)
  A hobgoblin zombie (Ossuary)
  2 jackal zombies (Ossuary)
  2 kobold zombies (Ossuary)
  6 rats
  2 rat zombies
180 creatures vanquished.

Vanquished Creatures (others)
  A sky beast (D:7)
  A plant (D:4)
2 creatures vanquished.

Grand Total: 182 creatures vanquished

Notes
Turn   | Place    | Note
-------+----------+-------------------------------------------
     0 | D:1      | arthad the Gargoyle Fighter began the quest for the Orb.
     0 | D:1      | Reached XP level 1. HP: 14/14 MP: 1/1
   130 | D:1      | Reached XP level 2. HP: 10/19 MP: 2/2
  1256 | D:2      | Found a faded altar of an unknown god.
  1336 | D:2      | Reached XP level 3. HP: 23/23 MP: 3/3
  2353 | D:3      | Reached XP level 4. HP: 25/29 MP: 4/4
  2368 | D:3      | Reached skill level 1 in Stealth
  2455 | D:3      | Noticed Jessica
  2478 | D:3      | Killed Jessica
  2479 | D:3      | Reached XP level 5. HP: 17/33 MP: 6/6
  2660 | D:3      | Found Garphiop's Book Shop.
  2667 | D:3      | Noticed Terence
  2677 | D:3      | Killed Terence
  2827 | D:3      | Reached skill level 1 in Dodging
  2827 | D:3      | Reached skill level 1 in Spellcasting
  3130 | D:3      | Reached XP level 6. HP: 38/38 MP: 7/7
  3205 | D:3      | Found a glowing silver altar of Zin.
  3472 | D:4      | Reached XP level 7. HP: 15/44 MP: 9/9
  4086 | D:4      | Reached skill level 5 in Armour
  4160 | D:5      | Entered Level 5 of the Dungeon
  4168 | D:5      | Reached skill level 5 in Fighting
  4168 | D:5      | Reached skill level 5 in Shields
  4279 | D:5      | Reached XP level 8. HP: 26/49 MP: 11/11
  5354 | D:5      | Found a radiant altar of Vehumet.
  5756 | D:6      | Noticed Edmund
  5779 | D:6      | Killed Edmund
  5955 | D:6      | Found a hazy altar of Hepliaklqana.
  6362 | D:6      | Reached XP level 9. HP: 45/55 MP: 11/13
  6577 | D:6      | Found an ornate altar of the Wu Jian Council.
  6716 | D:7      | Found a sand-covered staircase.
  6724 | Ossuary  | Entered an ossuary
  7379 | D:7      | Reached skill level 5 in Axes
  7429 | D:7      | Noticed Pikel
  7430 | D:7      | Found a staircase to the Ecumenical Temple.
  7858 | D:8      | Found a hide-covered altar of Uskayaw.
  7862 | D:8      | Noticed Grum
  7889 | D:8      | Killed Grum
  7976 | D:8      | Noticed Erica
  8003 | D:8      | HP: 2/57 [something (7)]
  8003 | D:8      | Slain by Erica

Illustrated notes

Levels and vault maps discovered:
D:1:      wheals_arrival_linesprint, layout_basic, serial_co_window_serial,
          co_window_corner_a, co_window_of_opportunity_a, co_window_paths_a,
          co_window_paths_a, co_window_corner_a, co_window_paths_b,
          co_window_unsneaky_path_c, co_window_corner_b, co_window_corner_b,
          co_window_corner_ca, glass_columns_a, glass_columns_c,
          glass_columns_a, glass_columns_a, glass_columns_c,
          minmay_misc_feat_iff
D:2:      layout_basic, chequers_ecumenical_altar_simple_redux, serial_forest,
          infiniplex_forest_straight_1, infiniplex_forest_lined_1,
          infiniplex_forest_end_3, infiniplex_forest_lined_4_way
D:3:      layout_basic, mainiacjoe_overflow_small_starburst, serial_shops,
          nicolae_shop_competitors_out_of_business, uniq_jessica, uniq_terence
D:4:      corexii_shack_village, layout_rooms, minmay_quadrilaterals
D:5:      layout_layer_cave, nicolae_vehumet_radiance
D:6:      layout_loops_ring, pdpol_wu_jian_five_deadly_venoms,
          lemuel_tele_altar, uniq_edmund
D:7:      minmay_chambers_of_fours, layout_cave_pods, marbit_many_paths,
          minmay_temple_entry_from_below_a, enter_ossuary_4,
          hangedman_misty_isle, uniq_crazy_yiuf_cottage, uniq_pikel
D:8:      layout_cave_pools, eat_drink_and_be_merry_uskayaw,
          nicolae_tso_swordbearing_angel, kennysheep_generic_room_3, uniq_erica,
          uniq_grum

Skill      XL: |  1  2  3  4  5  6  7  8  9 |
---------------+----------------------------+-----
Axes           | 2 3 4 5 |  5.5
Stealth        | 1 2 3 4 |  4.5
Fighting       | 4 5 6 7 |  7.1
Armour         | 4 5 6 7 |  7.1
Shields        | 4 5 6 7 |  7.0
Dodging        | 1 2 3 |  3.1
Spellcasting   | 1 2 3 |  3.4

Action                   |  1- 3 |  4- 6 |  7- 9 || total
-------------------------+-------+-------+-------++-------
Melee: War axe           |    99 |   100 |   387 ||   586
Throw: Dart              |       |     4 |       ||     4
Evoke: Wand              |       |       |     5 ||     5
  Use: Potion            |       |       |     4 ||     4
       Scroll            |       |       |     3 ||     3
Armor: Scale mail        |    33 |    46 |   213 ||   292
Dodge: Dodged            |    73 |    71 |   270 ||   414
Block: Buckler           |    21 |    32 |    53 ||   106
       Kite shield       |       |       |   142 ||   142
